 Dungeon Crawl Stone Soup version 0.23.2-30-g0e89c35649 (webtiles) character file.

Game seed: 1938195452943514162

186 Atelerd the Magician (level 5, -2/38 HPs)
             Began as a Human Wizard on June 22, 2019.
             Splashed by a jelly's acid (11 damage)
             ... on level 3 of the Dungeon.
             The game lasted 00:04:25 (4150 turns).

Atelerd the Magician (Human Wizard)                 Turns: 4150, Time: 00:04:25

Health: -2/38      AC: -2    Str:  7    XL:     5   Next: 97%
Magic:  3/10       EV: 13    Int: 19    God:
Gold:   163        SH:  0    Dex: 12    Spells: 5/11 levels left

rFire    . . .     SeeInvis .   l - +0 dagger (venom)
rCold    . . .     Gourm    .   (no shield)
rNeg     . . .     Faith    .   a - +0 robe
rPois    .         Spirit   .   b - +0 hat
rElec    .         Reflect  .   (no cloak)
rCorr    .         Harm     .   (no gloves)
MR       .....                  (no boots)
Stlth    ++........             (no amulet)
HPRegen  0.12/turn              (no ring)
MPRegen  0.12/turn              (no ring)

@: corroded
A: no striking features
a: no special abilities


You were on level 3 of the Dungeon.
You were hungry.

You visited 1 branch of the dungeon, and saw 3 of its levels.

You collected 163 gold pieces.

Inventory:

Hand Weapons
 f - a +0 dagger
 l - a +0 dagger of venom (weapon)
Missiles
 g - 7 javelins (quivered)
Armour
 a - a +0 robe (worn)
 b - a +0 hat (worn)
 e - a +0 buckler
Wands
 t - a wand of flame (13)
Scrolls
 c - 3 scrolls of fog {unknown}
 n - 4 scrolls of remove curse {unknown}
 o - a scroll of amnesia {unknown}
 q - a scroll of fear {unknown}
 r - a scroll of random uselessness {unknown}
 s - a scroll of identify {unknown}
Potions
 h - 2 potions of haste {unknown}
 i - a potion of curing {unknown}
 j - a potion of invisibility {unknown}
 k - 2 potions of flight {unknown}
 m - a potion of brilliance {unknown}
 p - 2 potions of lignification {unknown}
 u - a potion of cancellation {unknown}
Comestibles
 d - 3 rations


   Skills:
 + Level 2.2 Fighting
 + Level 3.0 Dodging
 - Level 2.0 Stealth
 + Level 3.6 Spellcasting
 * Level 3.3 Conjurations
   Level 1.0 Summonings
 - Level 1.0 Translocations


You had 5 spell levels left.
You knew the following spells:

 Your Spells              Type           Power        Failure   Level  Hunger
a - Magic Dart            Conj           ###.         3%          1    None
b - Mephitic Cloud        Conj/Pois/Air  #.......     26%         3    ###....
c - Blink                 Tloc           N/A          14%         2    ##.....

Your spell library contained the following spells:

 Spells                   Type           Power        Failure   Level  Hunger
 Call Imp                 Summ           #.......     14%         2    ##.....
 Slow                     Hex            #.......     22%         2    ##.....
 Conjure Flame            Conj/Fire      #.......     22%         3    ###....


Dungeon Overview and Level Annotations

Branches:
Dungeon (3/15)

Altars:


Message History

Unknown command.
You hit the jelly.
Your hands burn!
The jelly is almost dead.
The jelly hits you.
You are splashed with acid!
* * * LOW HITPOINT WARNING * * *
There is an open door here.
There is an open door here.
There is an open door here.
You are feeling hungry.
Casting: Magic Dart (safe; 3% risk of failure)
Confirm with . or Enter, or press ? or * to list all spells.
Aiming: Magic Dart (safe; 3% risk of failure)
Press: ? - help, Shift-Dir - straight line, f/p - jelly
Aim: a jelly (almost dead)
The magic dart hits the jelly.
The jelly is almost dead.
The jelly hits you.
* * * LOW HITPOINT WARNING * * *
The acid corrodes you!
You are splashed with acid!
You die...

##########.........#....#.#
###.......##.(.......#....#.###..
..'.......''.........')...†......
###.......##.........######'#####
#.......##.†.......# #........
##########.........# #........
#.........# #........
############.........####........
...........'...J@.......'........
############...........#.8.......
# #####...8...#..8.#.... #
###.....##..8.#..##
###############............
........................#..
###....#................#
#....#................#
##....#..............###


You could see a jelly.

Vanquished Creatures
  Jessica (D:3)
  2 hound skeletons (D:3)
  A worker ant zombie (D:3)
  4 adders
  2 oozes
  An adder skeleton (D:3)
  A worm (D:2)
  2 leopard geckos
  An orc (D:3)
  6 giant cockroaches
  9 goblins
  5 hobgoblins
  4 jackals
  9 kobolds
  A quokka (D:3)
  A ball python skeleton (D:3)
  A ball python zombie (D:3)
  6 bats (D:1)
  2 frilled lizards (D:3)
  2 giant cockroach zombies (D:3)
  A jackal zombie (D:3)
  12 rats
74 creatures vanquished.

Notes
Turn   | Place    | Note
-------+----------+-------------------------------------------
     0 | D:1      | Atelerd the Human Wizard began the quest for the Orb.
     0 | D:1      | Reached XP level 1. HP: 13/13 MP: 4/4
   263 | D:1      | Reached XP level 2. HP: 11/20 MP: 1/6
   750 | D:1      | Reached XP level 3. HP: 12/25 MP: 2/7
  1065 | D:1      | Reached skill level 1 in Fighting
  1969 | D:2      | Learned a level 3 spell: Mephitic Cloud
  1972 | D:2      | Learned a level 2 spell: Blink
  2167 | D:2      | Reached XP level 4. HP: 24/32 MP: 5/8
  3224 | D:3      | Noticed Jessica
  3231 | D:3      | Reached XP level 5. HP: 28/38 MP: 10/10
  3244 | D:3      | Killed Jessica
  4150 | D:3      | Splashed by a jelly's acid

Skill      XL: |  1  2  3  4  5 |
---------------+----------------+-----
Conjurations   | 2 3 |  3.3
Fighting       | 1 2 |  2.2
Dodging        | 3 |  3.0
Stealth        | |  2.0
Spellcasting   | |  3.6
Summonings     | |  1.0
Translocations | |  1.0

Action                   |  1- 3 |  4- 6 || total
-------------------------+-------+-------++-------
Melee: Unarmed           |    14 |       ||    14
       Dagger            |    56 |   126 ||   182
Throw: Javelin           |     8 |       ||     8
 Cast: Magic Dart        |    40 |    53 ||    93
       Blink             |       |     3 ||     3
       Mephitic Cloud    |       |     3 ||     3
 Stab: Sleeping          |     2 |     3 ||     5
       Distracted        |       |     1 ||     1
  Eat: Chunk             |     4 |     6 ||    10
Armor: Robe              |    17 |    18 ||    35
Dodge: Dodged            |    58 |   106 ||   164
